 Dungeon Crawl Stone Soup version 0.30.1-9-gdf580d7c3d (webtiles) character file.

Game seed: 10005480735628237331

535 croobank the Covert (level 7, -7/60 HPs)
             Began as a Gnoll Delver on Sept 29, 2023.
             Killed by divine providence
             ... invoked by an orc priest
              (14 damage)
             ... on level 4 of the Dungeon.
             The game lasted 00:08:50 (3757 turns).

croobank the Covert (Gnoll Delver)                  Turns: 3757, Time: 00:08:51

Health: -7/60      AC:  5    Str: 12    XL:     7   Next: 25%
Magic:  10/10      EV: 13    Int: 11    God:
Gold:   323        SH:  0    Dex: 13    Spells: 10/10 levels left

rFire   . . .        a - +0 short sword
rCold   . . .        (no shield)
rNeg    . . .        b - +0 leather armour
rPois   +            C - +0 helmet
rElec   .            (no cloak)
rCorr   .            q - +0 pair of gloves
SInv    .            (no boots)
Will    .....        (no amulet)
Stlth   ++++         s - ring of poison resistance
HPRegen 0.30/turn    (no ring)
MPRegen 0.12/turn

%: no passive effects
@: mighty
A: fangs 1, strong nose, distributed training
a: no special abilities


You were on level 4 of the Dungeon.
You visited 1 branch of the dungeon, and saw 6 of its levels.

You collected 323 gold pieces.

Inventory:

Hand Weapons
 a - a +0 short sword (weapon)
 u - a +0 war axe
Missiles
 j - a boomerang
 k - 3 boomerangs of dispersal (quivered)
 t - 3 poisoned darts
Armour
 b - a +0 leather armour (worn)
 q - a +0 pair of gloves (worn)
 C - a +0 helmet (worn)
Jewellery
 o - a +6 ring of dexterity
 s - a ring of poison resistance (left hand)
 D - a ring of magical power
Wands
 g - a wand of digging (3)
 B - a wand of mindburst (14)
Scrolls
 c - 2 scrolls of fog
 d - 3 scrolls of magic mapping
 e - 2 scrolls of fear
 l - a scroll of immolation {unknown}
 n - 2 scrolls of enchant weapon {unknown}
 p - 2 scrolls of blinking {unknown}
 r - 2 scrolls of noise {unknown}
 v - 2 scrolls of enchant armour {unknown}
 w - 4 scrolls of teleportation {unknown}
 x - a scroll of brand weapon {unknown}
 y - 2 scrolls of poison {unknown}
Potions
 f - a potion of haste
 h - a potion of flight {unknown}
 m - 3 potions of mutation
 z - 3 potions of curing
 A - a potion of ambrosia


   Skills:
 + Level 7.0 Fighting
 + Level 5.2 Short Blades
 + Level 2.4 Long Blades
 + Level 2.4 Axes
 + Level 2.4 Maces & Flails
 + Level 2.4 Polearms
 + Level 2.4 Staves
 + Level 2.4 Ranged Weapons
 + Level 2.4 Throwing
 + Level 2.4 Armour
 + Level 5.2 Dodging
 + Level 9.9 Stealth
 + Level 2.4 Shields
 + Level 2.4 Unarmed Combat
 + Level 2.4 Spellcasting
 + Level 2.0 Conjurations
 + Level 2.0 Hexes
 + Level 2.0 Summonings
 + Level 2.0 Necromancy
 + Level 2.0 Translocations
 + Level 2.0 Transmutations
 + Level 2.0 Fire Magic
 + Level 2.0 Ice Magic
 + Level 2.0 Air Magic
 + Level 2.0 Earth Magic
 + Level 2.0 Poison Magic
 + Level 2.7 Invocations
 + Level 2.4 Evocations


You had 10 spell levels left.
You didn't know any spells.
Your spell library contained the following spells:

 Spells                   Type           Power      Damage    Failure   Level
 Beastly Appendage        Tmut           10%        N/A       16%         1
 Freeze                   Ice            20%        1d4       16%         1
 Lesser Beckoning         Tloc           10%        N/A       24%         2
 Wereblood                Tmut           5%         N/A       24%         2
 Frozen Ramparts          Ice            10%        1d2       43%         3
 Gell's Gravitas          Tloc           5%         N/A       43%         3
 Hailstorm                Conj/Ice       5%         3d4       43%         3
 Spider Form              Tmut/Pois      5%         N/A       43%         3
 Teleport Other           Tloc           5%         N/A       43%         3


Dungeon Overview and Level Annotations

Branches:
Dungeon (6/15)             Temple (0/1) D:4

Altars:
Hepliaklqana
Ru


Innate Abilities, Weirdness & Mutations

You have very sharp teeth.
Your uncanny sense of smell can sniff out nearby items.
Your experience applies equally to all skills.


Message History

You hit the orc priest but do no damage.
The orc priest is severely wounded.
The orc priest hits you with a +0 dagger.
You hit the orc priest but do no damage.
You bite the orc priest, but do no damage.
The orc priest is severely wounded.
You closely miss the orc priest.
You bite the orc priest, but do no damage.
The orc priest is severely wounded.
The orc priest hits you but does no damage.
You barely miss the orc priest.
The orc priest is severely wounded.
The orc priest calls down the wrath of Beogh upon you.
Beogh smites you!
You hit the orc priest but do no damage.
The orc priest is severely wounded.
You hit the orc priest but do no damage.
The orc priest is severely wounded.
The orc priest invokes the aid of Beogh against you.
Pain shoots through your body!
You hit the orc priest but do no damage.
The orc priest is severely wounded.
The orc priest hits you with a +0 dagger.
* * * LOW HITPOINT WARNING * * *
You barely miss the orc priest.
You punch the orc priest, but do no damage.
The orc priest is severely wounded.
The orc priest invokes the aid of Beogh against you.
Beogh smites you!
* * * LOW HITPOINT WARNING * * *
You feel very mighty all of a sudden. The orc priest closely misses you.
You hit the orc priest.
The orc priest is severely wounded.
You hit the orc priest but do no damage.
You bite the orc priest.
The orc priest is severely wounded.
The orc priest calls down the wrath of Beogh upon you.
Beogh smites you!
You die...

..# #.# ..###.# ....#.#
......# ######### ......#
#.......# ......#
#.#####.##### #.....#
#.#.........# #.....#
#.#..##.###.#### #.....#
#.#.>o@.# #....# #.....#
#.############.###
#.....#####................#
#.....#....##########<รท..#.#
#.)...#....# #........#.#
###+#.#....# #.######.#.#
#........# #.# #...#.#
##.......# #.# #.###.#
#.......#### #)# #.# #.#


You could see an orc priest.

Vanquished Creatures
  A black bear (D:5)
  A bullfrog (D:5)
  2 scorpions
  A howler monkey (D:5)
  A hound (D:5)
  An iguana (D:5)
  An orc wizard (D:3)
  Robin (D:2)
  A gnoll (D:1)
  7 adders
  A worm (D:2)
  2 dart slugs
  3 orcs
  3 ball pythons
  4 endoplasms
  A giant cockroach (D:2)
  10 goblins
  9 hobgoblins
  3 quokkas
  3 bats
  3 frilled lizards
  6 kobolds
  10 rats
75 creatures vanquished.

Notes
Turn   | Place    | Note
-------+----------+-------------------------------------------
     0 | D:5      | Reached skill level 9 in Stealth
     0 | D:5      | croobank the Gnoll Delver began the quest for the Orb.
     0 | D:5      | Reached XP level 1. HP: 23/23 MP: 1/1
    43 | D:6      | Noticed a scorpion
    46 | D:6      | Killed a scorpion
    47 | D:6      | Reached skill level 1 in Long Blades
    47 | D:6      | Reached skill level 1 in Axes
    47 | D:6      | Reached skill level 1 in Maces & Flails
    47 | D:6      | Reached skill level 1 in Polearms
    47 | D:6      | Reached skill level 1 in Staves
    47 | D:6      | Reached skill level 1 in Ranged Weapons
    47 | D:6      | Reached skill level 1 in Throwing
    47 | D:6      | Reached skill level 1 in Armour
    47 | D:6      | Reached skill level 1 in Shields
    47 | D:6      | Reached skill level 1 in Unarmed Combat
    47 | D:6      | Reached skill level 1 in Spellcasting
    47 | D:6      | Reached skill level 1 in Invocations
    47 | D:6      | Reached skill level 1 in Evocations
    47 | D:6      | Reached XP level 2. HP: 29/29 MP: 1/3
    47 | D:6      | Reached XP level 3. HP: 35/35 MP: 1/4
   197 | D:6      | Noticed an ice beast
   278 | D:5      | Reached skill level 1 in Conjurations
   278 | D:5      | Reached skill level 1 in Hexes
   278 | D:5      | Reached skill level 1 in Summonings
   278 | D:5      | Reached skill level 1 in Necromancy
   278 | D:5      | Reached skill level 1 in Translocations
   278 | D:5      | Reached skill level 1 in Transmutations
   278 | D:5      | Reached skill level 1 in Fire Magic
   278 | D:5      | Reached skill level 1 in Ice Magic
   278 | D:5      | Reached skill level 1 in Air Magic
   278 | D:5      | Reached skill level 1 in Earth Magic
   278 | D:5      | Reached skill level 1 in Poison Magic
   278 | D:5      | Reached XP level 4. HP: 40/41 MP: 5/5
   301 | D:5      | Reached XP level 5. HP: 36/47 MP: 5/7
   511 | D:5      | Noticed a black bear
   518 | D:5      | Killed a black bear
   519 | D:5      | Reached XP level 6. HP: 53/53 MP: 8/8
   756 | D:5      | Reached skill level 5 in Short Blades
   756 | D:5      | Reached skill level 5 in Dodging
   917 | D:4      | Found a hazy altar of Hepliaklqana.
  1639 | D:1      | Found a sacrificial altar of Ru.
  2413 | D:2      | Reached XP level 7. HP: 59/60 MP: 10/10
  2499 | D:2      | Noticed Robin
  2500 | D:2      | Killed Robin
  3713 | D:4      | Found a staircase to the Ecumenical Temple.
  3757 | D:4      | Killed from afar by an orc priest

Illustrated notes

Levels and vault maps discovered:
D:1:      zelgadis_glass_arrival_small, layout_rooms, minmay_hexomino_r4
D:2:      layout_loops_cross, minmay_rat_gold_closets, uniq_robin
D:3:      layout_loops_ring
D:4:      layout_basic, overflow_temple_1_default, grunt_temple_overflow_open,
          minmay_temple_entry_proselytizer, serial_bayou_pond_d
D:5:      layout_basic
D:6:      layout_loops_ring

Skill      XL: |  1  2  3  4  5  6  7 |
---------------+----------------------+-----
Stealth        | |  9.9
Long Blades    | 1 2 |  2.4
Axes           | 1 2 |  2.4
Maces & Flails | 1 2 |  2.4
Polearms       | 1 2 |  2.4
Staves         | 1 2 |  2.4
Ranged Weapons | 1 2 |  2.4
Throwing       | 1 2 |  2.4
Armour         | 1 2 |  2.4
Shields        | 1 2 |  2.4
Unarmed Combat | 1 2 |  2.4
Spellcasting   | 1 2 |  2.4
Invocations    | 1 2 |  2.7
Evocations     | 1 2 |  2.4
Conjurations   | 1 2 |  2.0
Hexes          | 1 2 |  2.0
Summonings     | 1 2 |  2.0
Necromancy     | 1 2 |  2.0
Translocations | 1 2 |  2.0
Transmutations | 1 2 |  2.0
Fire Magic     | 1 2 |  2.0
Ice Magic      | 1 2 |  2.0
Air Magic      | 1 2 |  2.0
Earth Magic    | 1 2 |  2.0
Poison Magic   | 1 2 |  2.0
Short Blades   | 5 |  5.2
Dodging        | 5 |  5.2
Fighting       | 7 |  7.0

Action                     |  1- 3 |  4- 6 |  7- 9 || total
---------------------------+-------+-------+-------++-------
  Melee: Short sword       |     6 |   161 |   184 ||   351
         Bite              |     1 |     9 |    25 ||    35
         Punch             |       |     2 |     5 ||     7
    Use: Scroll            |       |     8 |     1 ||     9
         Potion            |       |       |     2 ||     2
   Stab: Sleeping          |     1 |    23 |     7 ||    31
         Distracted        |       |       |     1 ||     1
 Armour: Leather armour    |       |    18 |    37 ||    55
  Dodge: Dodged            |     2 |    81 |    89 ||   172
